 Dungeon Crawl Stone Soup version 0.32-a0-779-g362cfcae2a (webtiles) character file.

Game seed: 13752859248545675118

2425 hikkokomori the Chopper (level 9, 0/78 HPs)
             Began as a Mountain Dwarf Fighter on Mar 19, 2024.
             Was an Initiate of Gozag.
             Slain by a two-headed ogre
             ... wielding a +0 giant club
              (4 damage)
             ... on level 7 of the Dungeon.
             The game lasted 00:12:03 (7637 turns).

hikkokomori the Chopper (Mountain Dwarf Fighter)    Turns: 7637, Time: 00:12:03

Health: 0/78       AC:  9    Str: 23    XL:     9   Next: 24%
Magic:  13/13      EV: 13    Int:  9    God:    Gozag
Gold:   430        SH:  4    Dex:  9    Spells: 10/13 levels left

rFire   . . .        a - +1 war axe
rCold   . . .        c - +0 buckler
rNeg    . . .        b - +0 scale mail
rPois   +            (no helmet)
rElec   .            o - +0 cloak
rCorr   .            p - +0 pair of gloves
SInv    .            (no boots)
Will    .....        v - amulet of magic regeneration Stlth
                     g - ring of poison resistance
HPRegen 0.33/turn    t - +5 ring of evasion
MPRegen 0.53/turn

%: no passive effects
@: no status effects
A: runic magic, artefact enchanting
a: Renounce Religion, Potion Petition, Call Merchant, Bribe Branch


You were on level 7 of the Dungeon.
You worshipped Gozag.
Gozag was aware of your devotion.
You visited 2 branches of the dungeon, and saw 8 of its levels.

You collected 894 gold pieces.
You paid 464 gold pieces to Gozag.

Inventory:

Hand Weapons
 a - a +1 war axe (weapon)
Missiles
 e - 3 curare-tipped darts (quivered)
 r - 5 boomerangs
Armour
 b - a +0 scale mail (worn)
 c - a +0 buckler (worn)
 o - a +0 cloak (worn)
 p - a +0 pair of gloves (worn)
 q - the +1 robe of Dramatic Exits {rF+ rN+}
   (You found it on level 2 of the Dungeon)

   rF+:       It protects you from fire.
   rN+:       It protects you from negative energy.
Jewellery
 g - a ring of poison resistance (left hand)
 t - a +5 ring of evasion (right hand)
 v - an amulet of magic regeneration (around neck)
 y - an amulet of the acrobat
Scrolls
 f - 2 scrolls of teleportation
 u - 2 scrolls of vulnerability
 w - 2 scrolls of blinking
 B - a scroll of enchant armour {unknown}
Potions
 d - 2 potions of might
 h - a potion of resistance {unknown}
 i - a potion of heal wounds {unknown}
 j - 3 potions of curing
 k - a potion of degeneration {unknown}
 l - a potion of cancellation {unknown}
 m - a potion of magic
 n - 2 potions of mutation {unknown}
 s - a potion of haste {unknown}
 x - a potion of enlightenment {unknown}
 z - a potion of experience {unknown}
 A - 2 potions of lignification {unknown}


   Skills:
 + Level 6.6 Fighting
 + Level 6.8 Axes
 - Level 3.0 Throwing
 - Level 5.0 Armour
 - Level 5.0 Shields
 + Level 2.9 Spellcasting
 + Level 3.2 Conjurations
 + Level 2.6 Air Magic
 + Level 3.0 Alchemy


You had 10 spell levels left.
You knew the following spells:

 Your Spells              Type           Power      Damage    Failure   Level
a - Mephitic Cloud        Conj/Alch/Air  6%         N/A       36%         3

Your spell library contained the following spells:

 Spells                   Type           Power      Damage    Failure   Level
 Mercury Vapours          Alch/Air       12%        N/A       22%         2
 Freezing Cloud           Conj/Ice/Air   2%         6-21      99%         5


Dungeon Overview and Level Annotations

Branches:
Dungeon (7/15)             Temple (1/1) D:4

Altars:
Ashenzari
Cheibriados
Dithmenos
Elyvilon
Fedhas
Gozag
Hepliaklqana
Kikubaaqudgha
Makhleb
Nemelex Xobeh
Okawaru
Qazlal
Ru
Sif Muna
Trog
Uskayaw
Vehumet
Wu Jian
Xom
Yredelemnul
Zin
The Shining One

Shops:
D:4 [   D:5 =*(   D:6 (

Annotations:
D:5 1 runed translucent door, Crazy Yiuf


Innate Abilities, Weirdness & Mutations

Your spellcasting is much less encumbered by armour.
You can use scrolls of enchantment on lesser artefacts.


Message History

You are too injured to fight recklessly!
You are too injured to fight recklessly!
You are too injured to fight recklessly!
You are too injured to fight recklessly!
You are too injured to fight recklessly!
You are too injured to fight recklessly!
You are too injured to fight recklessly!
You are too injured to fight recklessly!
You are too injured to fight recklessly!
You are too injured to fight recklessly!
You are too injured to fight recklessly!
You are too injured to fight recklessly!
You are too injured to fight recklessly!
You are too injured to fight recklessly!
You are too injured to fight recklessly!
You are too injured to fight recklessly!
You are too injured to fight recklessly!
You are too injured to fight recklessly!
You slash the two-headed ogre!
The two-headed ogre is moderately wounded.
The two-headed ogre hits you with a +0 giant club.
The two-headed ogre completely misses you.
You slash the two-headed ogre!
The two-headed ogre is heavily wounded.
The two-headed ogre misses you. The two-headed ogre closely misses you.
You hit the two-headed ogre but do no damage.
The two-headed ogre is heavily wounded.
The gnoll bouda mumbles some strange prayers to its god.
The gnoll bouda is healed somewhat.
The two-headed ogre hits you with a +0 giant club!
The two-headed ogre hits you with a +0 dire flail!
You slash the two-headed ogre!
The two-headed ogre is severely wounded.
You barely miss the two-headed ogre.
The two-headed ogre is severely wounded.
The two-headed ogre hits you with a +0 giant club!!
* * * LOW HITPOINT WARNING * * *
The two-headed ogre hits you with a +0 dire flail.
You die...
Your body crumbles into a pile of gold.

........#.##...#.....#.#.####.###
####...##........>.......####.###
....#####...##.##.#.#.........
####.. ............######.###
#### #..######.#######.....
#..................###
######...............
...#.####.....########..
#..ygO@'.....## ##.
...#.####........ #. #........ #.
+......... #. #.....#### ##.
#.....########.. #...............
#......#####.### +.....###...[...


You could see a two-headed ogre, a gnoll bouda and a killer bee.

Vanquished Creatures
  Pikel (D:7)
  Prince Ribbit (D:6)
  A water moccasin (D:7)
  Pargi (D:3)
  An ice beast (D:6)
  2 sky beasts (D:7)
  A black bear (D:5)
  2 ogres (D:5)
  A lemure (D:7)
  2 centaurs
  A kobold brigand (D:7)
  2 bullfrogs (D:7)
  A scorpion (D:6)
  A howler monkey (D:7)
  3 jellies
  3 hounds
  2 orc priests (D:5)
  2 iguanas
  A sleepcap (D:5)
  An orc wizard (D:3)
  11 adders
  2 white imps
  2 ribbon worms
  3 dart slugs
  17 orcs
  10 ball pythons
  2 endoplasms
  4 giant cockroaches
  11 goblins
  7 hobgoblins
  10 jackals
  13 kobolds
  6 quokkas
  6 bats
  2 frilled lizards (D:1)
  5 rats
141 creatures vanquished.

Notes
Turn   | Place    | Note
-------+----------+-------------------------------------------
     0 | D:1      | hikkokomori the Mountain Dwarf Fighter began the quest for
                  | the Orb.
     0 | D:1      | Reached XP level 1. HP: 19/19 MP: 1/1
   129 | D:1      | Reached XP level 2. HP: 24/26 MP: 2/2
   349 | D:1      | Reached XP level 3. HP: 29/33 MP: 3/3
  1027 | D:2      | Identified the +1 robe of Dramatic Exits {rF+ rN+}
  1040 | D:2      | Found an iron altar of Okawaru.
  1272 | D:2      | Reached XP level 4. HP: 36/40 MP: 4/4
  2328 | D:3      | Reached XP level 5. HP: 46/46 MP: 5/5
  2354 | D:3      | Noticed Pargi
  2361 | D:3      | Killed Pargi
  2669 | D:4      | Found a staircase to the Ecumenical Temple.
  2687 | Temple   | Entered the Ecumenical Temple
  2702 | Temple   | Became a worshipper of Gozag Ym Sagoz the Greedy
  2845 | D:4      | Found Zerch's Armour Shop.
  2881 | D:4      | Reached XP level 6. HP: 8/53 MP: 6/6
  3830 | D:5      | Entered Level 5 of the Dungeon
  3830 | D:5      | Found Weibagat's Weapon Boutique.
  3835 | D:5      | HP: 2/53 [ogre/+0 giant spiked club (16)]
  3844 | D:5      | Reached skill level 5 in Shields
  4040 | D:5      | Reached skill level 5 in Fighting
  4133 | D:5      | Reached skill level 5 in Armour
  4234 | D:5      | Learned a level 3 spell: Mephitic Cloud
  4398 | D:5      | Reached XP level 7. HP: 42/61 MP: 7/7
  4399 | D:5      | Reached skill level 5 in Axes
  4399 | D:5      | Reached skill level 1 in Throwing
  4593 | D:5      | Reached skill level 1 in Spellcasting
  4593 | D:5      | Reached skill level 1 in Conjurations
  4593 | D:5      | Reached skill level 1 in Alchemy
  4613 | D:5      | Reached skill level 1 in Air Magic
  4852 | D:5      | Found a runed translucent door.
  4852 | D:5      | Noticed Crazy Yiuf
  4865 | D:5      | Found Etrasch's Jewellery Emporium.
  4884 | D:5      | Found Guleont's Assorted Antiques.
  5060 | D:5      | Found a radiant altar of Vehumet.
  5060 | D:5      | Found a shadowy altar of Dithmenos.
  5066 | D:5      | Found a glowing golden altar of the Shining One.
  5068 | D:5      | Found a faded altar of an unknown god.
  5070 | D:5      | Found a faded altar of an unknown god.
  5759 | D:6      | Noticed Prince Ribbit
  5779 | D:6      | Killed Prince Ribbit
  5780 | D:6      | Reached XP level 8. HP: 70/70 MP: 10/10
  6315 | D:6      | Found Exze Jul's Weapon Emporium.
  7107 | D:7      | Noticed Pikel
  7140 | D:7      | Killed Pikel
  7141 | D:7      | Reached XP level 9. HP: 29/78 MP: 11/13
  7625 | D:7      | Noticed a two-headed ogre
  7637 | D:7      | Slain by a two-headed ogre

Illustrated notes

Levels and vault maps discovered:
D:1:      dpeg_arrival_simpleton_c, layout_basic
D:2:      layout_basic, basic_altar, serial_corexii_hall,
          chequers_hall_statues_wall_a, corexii_hall_statues_x,
          minmay_parallelograms
D:3:      layout_loops_ring, patterned_corridor, uniq_pargi
D:4:      layout_basic, minmay_temple_entry_offerings, serial_shops,
          kennysheep_mini_moat, sigmund_army
D:5:      layout_layer_cave, chequers_temple_overflow_minitemple, serial_shops,
          nicolae_shop_peninsula, nicolae_shop_getting_attention,
          nicolae_shop_tiny_glass, uniq_crazy_yiuf_cottage
D:6:      layout_layer_cave, serial_shops, shop, uniq_prince_ribbit1
D:7:      minmay_spotlight, layout_basic, nicolae_shop_i_like_big_books,
          minmay_diced_spiral, uniq_pikel, uniq_maggie
Temple:   compressed_dpeg_triangle_lava_temple

Skill      XL: |  1  2  3  4  5  6  7  8  9 |
---------------+----------------------------+-----
Axes           | 3 4 5 6 |  6.8
Shields        | 4 5 |  5.0
Fighting       | 4 5 6 |  6.6
Armour         | 4 5 |  5.0
Throwing       | 2 3 |  3.0
Spellcasting   | 1 2 |  2.9
Conjurations   | 1 3 |  3.2
Alchemy        | 1 2 3 |  3.0
Air Magic      | 1 2 |  2.6

Action                     |  1- 3 |  4- 6 |  7- 9 || total
---------------------------+-------+-------+-------++-------
  Melee: War axe           |   124 |   246 |   202 ||   572
  Throw: Dart              |       |     2 |     1 ||     3
 Invoke: Potion Petition   |       |       |     1 ||     1
    Use: Scroll            |       |     6 |     4 ||    10
         Potion            |       |     1 |       ||     1
   Stab: Sleeping          |       |     1 |       ||     1
         Distracted        |       |     1 |       ||     1
 Armour: Scale mail        |    87 |    23 |   155 ||   265
         Robe              |    13 |   178 |       ||   191
  Dodge: Dodged            |    51 |   162 |   157 ||   370
  Block: Buckler           |    27 |    67 |    40 ||   134

Table legend: (Time is in decaauts)
 A = Elapsed time spent in this place.
 B = Non-inter-level travel time spent in this place.
 C = Inter-level travel time spent in this place.
 D = Time resting spent in this place.
 E = Time spent auto-exploring this place.
 F = Levels seen in this place.
 G = Mean time per level.
                   A        B        C        D        E       F      G
               +--------+--------+--------+--------+--------+-----+--------+
         Total |   7822 |   7659 |    163 |    494 |   5693 |   8 |  977.8 |
       Dungeon |   7791 |   7628 |    163 |    494 |   5693 |   7 | 1113.0 |
        Temple |     30 |     30 |      0 |      0 |      0 |   1 |   30.0 |
               +--------+--------+--------+--------+--------+-----+--------+

Top non-repeatable levels by time:
     D:4: 1463 daAuts
     D:5: 1327 daAuts
     D:6: 1255 daAuts
     D:2: 1135 daAuts
     D:7: 1051 daAuts
     D:3: 798 daAuts
     D:1: 760 daAuts
  Temple: 30 daAuts
